 Dungeon Crawl Stone Soup version 0.23.0 (webtiles) character file.

Game seed: 3670974757566001488

2926 dvd the Quickloader (level 9, -7/81 HPs)
             Began as a Deep Dwarf Hunter on Feb 15, 2019.
             Was a Believer of Makhleb.
             Mangled by a two-headed ogre
             ... wielding a +0 giant club
              (15 damage)
             ... on level 8 of the Dungeon.
             The game lasted 00:23:00 (6821 turns).

dvd the Quickloader (Deep Dwarf Hunter)             Turns: 6821, Time: 00:23:01

Health: -7/81      AC: 14    Str: 21    XL:     9   Next: 50%
Magic:  5/5        EV: 13    Int: 16    God:    Makhleb [**....]
Gold:   454        SH:  4    Dex: 12    Spells: 8/8 levels left

rFire    . . .     SeeInvis .   c - +7 hand axe
rCold    + . .     Gourm    .   m - +0 buckler
rNeg     . . .     Faith    .   z - +1 ring mail of Lethargy {Str+4}
rPois    .         Spirit   .   p - +0 helmet
rElec    .         Reflect  .   j - +0 cloak
rCorr    .         Harm     .   l - +0 pair of gloves
MR       ++++.                  t - +2 pair of boots
Stlth    +.........             (no amulet)
HPRegen  0.00/turn              d - ring "Hakaum" {Wiz rC+ MR++ Int+3 Dex-2}
MPRegen  0.09/turn              u - ring of protection from magic

@: non-regenerating
A: damage resistance, heal wounds, sense surroundings 2, no regeneration
a: Heal Wounds, Minor Destruction, Renounce Religion


You were on level 8 of the Dungeon.
You worshipped Makhleb.
Makhleb was pleased with you.
You were not hungry.

You visited 2 branches of the dungeon, and saw 9 of its levels.

You collected 454 gold pieces.

Inventory:

Hand Weapons
 a - a +1 hand crossbow
 c - a +7 hand axe (weapon)
 r - a +0 mace
 s - a +0 whip of flaming
Missiles
 C - 2 bolts
Armour
 g - a +0 ring mail
 j - a +0 cloak (worn)
 l - a +0 pair of gloves (worn)
 m - a +0 buckler (worn)
 o - a +0 scale mail
 p - a +0 helmet (worn)
 t - a +2 pair of boots (worn)
 z - the +1 ring mail of Lethargy (worn) {Str+4}
   (You found it on level 5 of the Dungeon)

   It affects your strength (+4).
Jewellery
 d - the ring "Hakaum" (left hand) {Wiz rC+ MR++ Int+3 Dex-2}
   (You took it off a goblin on level 4 of the Dungeon)

   [ring of wizardry]

   It improves your spell success rate.
   It affects your intelligence (+3).
   It affects your dexterity (-2).
   It protects you from cold.
   It affects your resistance to hostile enchantments.
 u - a ring of protection from magic (right hand)
Wands
 y - a wand of paralysis (4)
 A - a wand of flame (15)
Scrolls
 e - 5 scrolls of remove curse
 k - a scroll of magic mapping
 n - 3 scrolls of amnesia
 v - 6 scrolls of identify
Potions
 h - a potion of berserk rage {unknown}
 i - a potion of might
 w - 2 potions of flight
 x - a potion of cancellation
 D - a potion of agility
Comestibles
 f - 14 rations
 q - a chunk of flesh


   Skills:
 + Level 5.4 Fighting
 + Level 6.8(6.9) Axes
 + Level 1.1(4.0) Maces & Flails
 + Level 8.0 Crossbows
 + Level 5.5 Armour
 + Level 5.1 Dodging
 + Level 2.5 Stealth
 + Level 3.4 Shields
 + Level 1.2 Evocations


You had 8 spell levels left.
You didn't know any spells.
Your spell library contained the following spells:

 Spells                   Type           Power        Failure   Level  Hunger
 Corona                   Hex            #......      16%         1    ##.....
 Magic Dart               Conj           #...         16%         1    ##.....
 Sandblast                Erth           #.....       16%         1    ##.....
 Ensorcelled Hibernation  Hex/Ice        #.....       26%         2    ###....
 Passwall                 Tmut/Erth      #.......     26%         2    ###....
 Searing Ray              Conj           #.....       26%         2    ###....
 Confuse                  Hex            #.......     43%         3    ####...
 Dazzling Spray           Conj/Hex       #.....       43%         3    ####...
 Stone Arrow              Conj/Erth      #.....       43%         3    ####...
 Tukima's Dance           Hex            #.......     43%         3    ####...
 Force Lance              Conj/Tloc      #.......     82%         4    #####..
 Fulminant Prism          Conj/Hex       #.........   82%         4    #####..
 Iskenderun's Mystic Bla  Conj           #.......     82%         4    #####..
 Petrify                  Tmut/Erth      #.......     82%         4    #####..
 Lee's Rapid Deconstruct  Erth           #.........   98%         5    ######.


Dungeon Overview and Level Annotations

Branches:
Dungeon (8/15)             Temple (1/1) D:4            Lair (0/6) D:8

Altars:
Ashenzari
Cheibriados
Dithmenos
Elyvilon
Fedhas
Gozag
Kikubaaqudgha
Makhleb
Nemelex Xobeh
Okawaru
Qazlal
Ru
Sif Muna
Trog
Uskayaw
Wu Jian
Xom
Yredelemnul
Zin
The Shining One

Annotations:
D:3 2 runed translucent doors, MirrMurr's ghost, amateur SpEn


Innate Abilities, Weirdness & Mutations

You are resistant to damage.
You can heal yourself by infusing magical energy.
You passively map the area around you.
You do not regenerate.


Message History

The two-headed ogre hits you with a +0 giant club!
* * * LOW HITPOINT WARNING * * *
The two-headed ogre hits you but does no damage.
You hit the two-headed ogre.
The two-headed ogre is severely wounded.
You barely miss the two-headed ogre.
The two-headed ogre is severely wounded.
The two-headed ogre completely misses you.
The two-headed ogre hits you with a +0 giant club.
* * * LOW HITPOINT WARNING * * *
You barely miss the two-headed ogre.
The two-headed ogre is severely wounded.
The two-headed ogre misses you. You block the two-headed ogre's attack.
You slash the two-headed ogre!
The two-headed ogre is almost dead.
You hit the two-headed ogre.
The two-headed ogre is almost dead.
The two-headed ogre hits you but does no damage.
The two-headed ogre hits you with a +0 giant club!
You die...

,, ################
,
...,................
, , ... ........@O.#
* *
***#.######....##.#
, , ,, #...........#
,.# * , *
#...........# * # *
#####...........# ,
, #...#...........#
* * *,,, ,
#..##(.......(..# *
, *
#.....รท.........#
*,, *
..####..........# **
,


You could see a two-headed ogre.

Vanquished Creatures
  Joseph (D:7)
  A water moccasin (D:7)
  An ice beast (D:6)
  A sky beast (D:8)
  4 ogres
  Blork the orc (D:5)
  6 bullfrogs
  3 killer bees (D:8)
  2 howler monkeys (D:5)
  4 wights (D:6)
  A crimson imp (D:7)
  A centaur zombie (D:7)
  A quasit (D:7)
  3 hounds
  2 orc priests
  2 bullfrog skeletons
  4 jellies
  7 orc wizards
  Natasha (twice) (D:2)
  3 iguanas
  5 worker ants
  A killer bee zombie (D:7)
  Robin (D:4)
  8 adders
  2 shadow imps
  2 oozes
  4 leopard geckos
  18 orcs
  A ball python (D:5)
  7 giant cockroaches
  13 goblins
  7 hobgoblins
  17 jackals
  5 quokkas
  6 bats
  2 frilled lizards
  A jackal zombie (D:5)
  11 kobolds
  7 rats
168 creatures vanquished.

Notes
Turn   | Place    | Note
-------+----------+-------------------------------------------
     0 | D:1      | dvd the Deep Dwarf Hunter began the quest for the Orb.
     0 | D:1      | Reached XP level 1. HP: 19/19 MP: 1/1
   356 | D:1      | Reached XP level 2. HP: 21/26 MP: 2/2
   536 | D:2      | Reached skill level 5 in Crossbows
   876 | D:2      | Reached XP level 3. HP: 26/32 MP: 3/3
  1068 | D:2      | Noticed Natasha
  1075 | D:2      | Killed Natasha
  1090 | D:2      | Reached XP level 4. HP: 26/39 MP: 4/4
  1397 | D:2      | Noticed Natasha
  1403 | D:2      | Killed Natasha
  1544 | D:3      | Found a large runed translucent door.
  1544 | D:3      | Found a large runed translucent door.
  1548 | D:3      | Noticed MirrMurr's ghost (amateur SpEn)
  1698 | D:3      | Reached skill level 1 in Armour
  1768 | D:3      | Reached skill level 6 in Crossbows
  1778 | D:3      | Reached XP level 5. HP: 27/46 MP: 5/5
  2412 | D:4      | Reached skill level 1 in Axes
  2454 | D:4      | Found a staircase to the Ecumenical Temple.
  2478 | Temple   | Entered the Ecumenical Temple
  2551 | Temple   | Became a worshipper of Makhleb the Destroyer
  2595 | D:4      | Reached XP level 6. HP: 33/55 MP: 6/6
  2600 | D:4      | Noticed Robin
  2613 | D:4      | Killed Robin
  2621 | D:4      | Identified the ring "Hakaum" {Wiz rC+ MR++ Int+3 Dex-2}
  2713 | D:4      | Reached skill level 1 in Shields
  2788 | D:4      | Reached skill level 1 in Maces & Flails
  3094 | D:4      | Reached skill level 7 in Crossbows
  3114 | D:5      | Entered Level 5 of the Dungeon
  3137 | D:5      | Learned a level 1 spell: Corona
  3176 | D:5      | Got a transparent ring mail
  3187 | D:5      | Identified the +1 ring mail of Lethargy {Str+4} (You found
                  | it on level 5 of the Dungeon)
  3322 | D:5      | Reached XP level 7. HP: 20/62 MP: 5/5
  3342 | D:5      | Noticed Blork the orc
  3368 | D:5      | Killed Blork the orc
  3428 | D:5      | Reached * piety under Makhleb
  3910 | D:6      | Reached XP level 8. HP: 17/72 MP: 4/4
  5436 | D:7      | Reached skill level 5 in Axes
  5451 | D:7      | Found a bloodstained altar of Trog.
  5583 | D:7      | Reached skill level 5 in Fighting
  5616 | D:7      | Noticed Joseph
  5674 | D:7      | Killed Joseph
  5674 | D:7      | Reached skill level 8 in Crossbows
  5674 | D:7      | Reached skill level 1 in Evocations
  5674 | D:7      | Gained mutation: You passively map the area around you.
                  | [Deep Dwarf growth]
  5674 | D:7      | Reached XP level 9. HP: 34/81 MP: 5/5
  5762 | D:7      | Found a white marble altar of Elyvilon.
  5764 | D:7      | Reached ** piety under Makhleb
  5812 | D:7      | Found a hide-covered altar of Uskayaw.
  5900 | D:7      | Found a shimmering altar of Xom.
  5900 | D:7      | Found a basalt altar of Yredelemnul.
  6531 | D:8      | Reached skill level 5 in Dodging
  6545 | D:8      | Reached skill level 5 in Armour
  6550 | D:8      | Found an ornate altar of the Wu Jian Council.
  6584 | D:8      | Noticed a two-headed ogre
  6585 | D:8      | Found the +3 hat of Pondering {ponderous, MR+ MP+10 Int+5}
  6585 | D:8      | Noticed a troll
  6585 | D:8      | Noticed a cyclops
  6586 | D:8      | Noticed a manticore
  6709 | D:8      | Found a staircase to the Lair.
  6804 | D:8      | Noticed a two-headed ogre
  6821 | D:8      | Mangled by a two-headed ogre

Skill      XL: |  1  2  3  4  5  6  7  8  9 |
---------------+----------------------------+-----
Crossbows      | 5 6 7 8 |  8.0
Fighting       | 2 3 4 5 |  5.4
Armour         | 1 2 3 4 5 |  5.5
Axes           | 1 2 6 |  6.8
Dodging        | 3 4 5 |  5.1
Shields        | 1 2 3 |  3.4
Maces & Flails | 1 |  1.1
Evocations     | 1 |  1.2
Stealth        | 2 |  2.5

Action                   |  1- 3 |  4- 6 |  7- 9 || total
-------------------------+-------+-------+-------++-------
Melee: Mace              |    21 |    16 |       ||    37
       Hand axe          |    12 |   122 |   367 ||   501
 Fire: Hand crossbow     |    62 |   143 |    38 ||   243
Invok: Minor Destruction |       |       |     1 ||     1
 Abil: Heal Wounds       |       |     3 |     7 ||    10
Evoke: Wand              |       |       |    12 ||    12
  Use: Potion            |       |     6 |     6 ||    12
       Scroll            |       |       |    16 ||    16
 Stab: Paralysed         |       |       |     4 ||     4
  Eat: Chunk             |       |     8 |     8 ||    16
       Ration            |       |       |     1 ||     1
Armor: Ring mail         |    41 |    76 |   180 ||   297
       Leather armour    |     1 |       |       ||     1
       Scale mail        |       |    15 |       ||    15
Dodge: Dodged            |    19 |   150 |   217 ||   386
Block: Buckler           |     9 |    37 |    62 ||   108
